 Dungeon Crawl Stone Soup version 0.30-a0-586-g23e55c9e0a (webtiles) character file.

Game seed: 1861810834408882152

2839 wormed the Prestidigitator (level 9, -16/66 HPs)
             Began as a Gnoll Wanderer on Jan 4, 2023.
             Was an Initiate of Gozag.
             Killed from afar by Erica (20 damage)
             ... with a bolt of poison
             ... on level 8 of the Dungeon.
             The game lasted 00:13:17 (7752 turns).

wormed the Prestidigitator (Gnoll Wanderer)         Turns: 7752, Time: 00:13:18

Health: -16/66     AC:  7    Str: 10    XL:     9   Next: 74%
Magic:  17/17      EV: 13    Int: 10    God:    Gozag
Gold:   344        SH:  0    Dex: 19    Spells: 13/19 levels left

rFire   . . .      SeeInvis .    n - +3 falchion (protect)
rCold   . . .      Faith    .    o - +0 buckler
rNeg    . . .      Spirit   .    p - +0 leather armour
rPois   .          Reflect  .    (no helmet)
rElec   .          Harm     .    q - +1 cloak
rCorr   .          Rampage  .    (no gloves)
Will    .....                    y - +0 pair of boots
Stlth   +                        (no amulet)
HPRegen 0.31/turn                (no ring)
MPRegen 0.15/turn                (no ring)

@: confused, lethally poisoned (-16 -> -43)
A: fangs 1, strong nose, distributed training
a: Renounce Religion, Potion Petition, Call Merchant, Bribe Branch


You were on level 8 of the Dungeon.
You worshipped Gozag.
Gozag was aware of your devotion.
You visited 1 branch of the dungeon, and saw 8 of its levels.

You collected 1387 gold pieces.
You spent 1043 gold pieces at shops.

Inventory:

Hand Weapons
 n - a +3 falchion of protection (weapon)
Missiles
 b - 5 poisoned darts
 k - 2 atropa-tipped darts
Armour
 o - a +0 buckler (worn)
 p - a +0 leather armour (worn)
 q - a +1 cloak (worn)
 y - a +0 pair of boots (worn)
Jewellery
 a - a ring of flight
 l - a ring of ice
 w - a ring of ice
Wands
 c - a wand of flame (37) (quivered)
 f - a wand of charming (3)
 x - a wand of light (3)
Scrolls
 d - 2 scrolls of fear
 e - 2 scrolls of poison
 g - 2 scrolls of magic mapping
 i - a scroll of amnesia
 j - a scroll of silence
 s - 4 scrolls of teleportation
 t - a scroll of torment
Potions
 h - a potion of lignification
 m - 4 potions of haste
 r - 3 potions of brilliance
 u - 5 potions of mutation
 v - a potion of attraction
 z - a potion of degeneration
 A - a potion of magic
 B - a potion of flight {unknown}
 C - a potion of resistance


   Skills:
 + Level 4.7 Fighting
 + Level 6.6 Short Blades
 + Level 8.1 Long Blades
 + Level 4.7 Axes
 + Level 4.7 Maces & Flails
 + Level 4.7 Polearms
 + Level 4.7 Staves
 + Level 4.7 Ranged Weapons
 + Level 4.7 Throwing
 + Level 5.4 Armour
 + Level 4.7 Dodging
 + Level 4.7 Stealth
 + Level 4.7 Shields
 + Level 4.7 Unarmed Combat
 + Level 5.5 Spellcasting
 + Level 3.9 Conjurations
 + Level 3.9 Hexes
 + Level 3.9 Summonings
 + Level 3.9 Necromancy
 + Level 3.9 Translocations
 + Level 3.9 Transmutations
 + Level 3.9 Fire Magic
 + Level 3.9 Ice Magic
 + Level 3.9 Air Magic
 + Level 3.9 Earth Magic
 + Level 3.9 Poison Magic
 + Level 5.2 Invocations
 + Level 8.1 Evocations


You had 13 spell levels left.
You knew the following spells:

 Your Spells              Type           Power      Damage    Failure   Level
a - Blink                 Tloc           20%        N/A       11%         2
b - Apportation           Tloc           20%        N/A       8%          1
c - Swiftness             Air            10%        N/A       22%         3

Your spell library contained the following spells:

 Spells                   Type           Power      Damage    Failure   Level
 Shock                    Conj/Air       40%        1d5       8%          1
 Summon Small Mammal      Summ           40%        N/A       8%          1
 Momentum Strike          Conj/Tloc      20%        3d8       11%         2
 Call Canine Familiar     Summ           10%        N/A       22%         3
 Lesser Beckoning         Tloc           20%        N/A       22%         3
 Summon Guardian Golem    Hex/Summ       10%        N/A       22%         3
 Airstrike                Air            5%         2d(1-17)  58%         4
 Alistair's Intoxication  Tmut/Pois      6%         N/A       90%         5


Dungeon Overview and Level Annotations

Branches:
Dungeon (8/15)             Temple (0/1) D:4
   Lair: D:8-11

Altars:
Gozag
Hepliaklqana
Trog
Uskayaw

Shops:
D:2 ?   D:7 *![*!

Annotations:
D:8 Erica


Innate Abilities, Weirdness & Mutations

You have very sharp teeth.
Your uncanny sense of smell can sniff out nearby items.
Your experience applies equally to all skills.


Message History

The howler monkey hoots and howls with incredible vigour!
You slash the howler monkey!
You kill the howler monkey!
No target in view!
No target in view!
You now have 344 gold pieces (gained 6).
Erica the Fiery-Tempered comes into view.
She is wielding a +2 scimitar of flaming and wearing a +2 robe of willpower.
Erica shouts!
Erica casts a spell.
Erica flickers and vanishes!
Deactivating autopickup; reactivate with Ctrl-A.
There is a strange disturbance nearby!
There is a strange disturbance nearby!
There is a strange disturbance nearby!
There is a stone staircase leading up here.
Something hits you. Something burns you.
You hear some strange, mumbled words.
You are confused.
You bump into the rock wall.
Something hits you! Something burns you.
You hear some strange, mumbled words.
A lance of force appears from out of thin air!
The lance of force hits you!!
You are knocked back by the lance of force.
You slam into the rock wall!
* * * LOW HITPOINT WARNING * * *
You closely miss something.
You hear some strange, mumbled words.
A bolt of poison appears from out of thin air!
The bolt of poison hits you!
You are poisoned.
* * * LOW HITPOINT WARNING * * *
You bump into the rock wall.
* * * LOW HITPOINT WARNING * * *
You feel very sick.
You hear some strange, mumbled words.
A bolt of poison appears from out of thin air!
The bolt of poison hits you!!
You are more poisoned.
You die...
Your body crumbles into a pile of gold.

#...# #...# $ #...#
##...######
#.........# $
#.##.####.#
##.........#
#........#
#...#.##@#
#...#..{.#
#...#.#..#
#...#....#
..###...#...<#
........###.########
...................#
.##########.##.#####
#....##.#


There were no monsters in sight!

Vanquished Creatures
  Maggie (D:7)
  Eustachio (D:6)
  Menkaure (D:7)
  Edmund (D:6)
  An ice beast (D:6)
  An ogre (D:7)
  A phantom (D:5)
  3 bullfrogs (D:7)
  A scorpion (D:7)
  9 wights
  4 killer bees
  A howler monkey (D:8)
  A jelly (D:4)
  2 orc priests (D:3)
  2 hounds
  Crazy Yiuf (D:2)
  A gnoll bouda (D:5)
  Terence (D:2)
  6 iguanas
  3 orc wizards
  10 gnolls
  15 adders
  An ufetubus (D:7)
  4 dart slugs
  24 orcs
  10 endoplasms
  A giant cockroach (D:2)
  9 hobgoblins
  6 jackals
  5 quokkas
  6 ball pythons
  7 bats
  5 frilled lizards
  10 goblins
  6 kobolds
  6 rats
167 creatures vanquished.

Vanquished Creatures (others)
  2 plants
2 creatures vanquished.

Grand Total: 169 creatures vanquished

Notes
Turn   | Place    | Note
-------+----------+-------------------------------------------
     0 | D:1      | wormed the Gnoll Wanderer began the quest for the Orb.
     0 | D:1      | wormed set off with the following items: a +2 short sword,
                  | a +0 falchion, a wand of flame (7), a scroll of fear, a +0
                  | robe.
     0 | D:1      | Reached XP level 1. HP: 13/13 MP: 4/4
    38 | D:1      | Found a faded altar of an unknown god.
   277 | D:1      | Reached XP level 2. HP: 19/19 MP: 5/5
   454 | D:1      | Learned a level 2 spell: Blink
   509 | D:1      | Learned a level 1 spell: Apportation
   664 | D:1      | Reached XP level 3. HP: 24/25 MP: 7/7
   793 | D:1      | Prayed at the altar of an unknown god.
   793 | D:1      | Became a worshipper of Gozag Ym Sagoz the Greedy
   828 | D:2      | Found Dyned's Magic Scroll Shoppe.
   879 | D:2      | Reached skill level 1 in Invocations
   999 | D:2      | Bought a scroll of identify for 22 gold pieces
   999 | D:2      | Bought a scroll of identify for 22 gold pieces
   999 | D:2      | Bought a scroll of identify for 22 gold pieces
  1109 | D:2      | Found a runed translucent door.
  1110 | D:2      | Noticed Crazy Yiuf
  1494 | D:2      | Reached skill level 1 in Fighting
  1494 | D:2      | Reached skill level 1 in Axes
  1494 | D:2      | Reached skill level 1 in Maces & Flails
  1494 | D:2      | Reached skill level 1 in Polearms
  1494 | D:2      | Reached skill level 1 in Staves
  1494 | D:2      | Reached skill level 1 in Ranged Weapons
  1494 | D:2      | Reached skill level 1 in Throwing
  1494 | D:2      | Reached skill level 1 in Dodging
  1494 | D:2      | Reached skill level 1 in Stealth
  1494 | D:2      | Reached skill level 1 in Shields
  1494 | D:2      | Reached skill level 1 in Unarmed Combat
  1537 | D:2      | Noticed Terence
  1621 | D:2      | Killed Terence
  1622 | D:2      | Reached XP level 4. HP: 8/32 MP: 8/8
  1879 | D:2      | Reached skill level 1 in Conjurations
  1879 | D:2      | Reached skill level 1 in Hexes
  1879 | D:2      | Reached skill level 1 in Summonings
  1879 | D:2      | Reached skill level 1 in Necromancy
  1879 | D:2      | Reached skill level 1 in Translocations
  1879 | D:2      | Reached skill level 1 in Transmutations
  1879 | D:2      | Reached skill level 1 in Fire Magic
  1879 | D:2      | Reached skill level 1 in Ice Magic
  1879 | D:2      | Reached skill level 1 in Air Magic
  1879 | D:2      | Reached skill level 1 in Earth Magic
  1879 | D:2      | Reached skill level 1 in Poison Magic
  2305 | D:2      | Killed Crazy Yiuf
  2306 | D:2      | Reached XP level 5. HP: 37/37 MP: 9/9
  2361 | D:2      | Bought a scroll of blinking for 82 gold pieces
  2361 | D:2      | Bought a scroll of teleportation for 33 gold pieces
  2361 | D:2      | Bought a scroll of torment for 104 gold pieces
  3363 | D:4      | Reached XP level 6. HP: 40/44 MP: 11/11
  3413 | D:4      | Reached skill level 5 in Short Blades
  3551 | D:4      | Found a staircase to the Ecumenical Temple.
  3872 | D:4      | Reached XP level 7. HP: 42/51 MP: 12/12
  4017 | D:5      | Entered Level 5 of the Dungeon
  5116 | D:6      | Reached XP level 8. HP: 46/58 MP: 14/14
  5311 | D:6      | Found a bloodstained altar of Trog.
  5459 | D:6      | Noticed Edmund
  5487 | D:6      | Killed Edmund
  5830 | D:6      | Noticed Eustachio
  5842 | D:6      | Killed Eustachio
  5967 | D:6      | Found a hide-covered altar of Uskayaw.
  6011 | D:7      | Found Roraeps's Distillery.
  6083 | D:7      | Reached XP level 9. HP: 65/65 MP: 16/16
  6292 | D:7      | Learned a level 3 spell: Swiftness
  6294 | D:7      | Bought a potion of attraction for 36 gold pieces
  6294 | D:7      | Bought a potion of magic for 96 gold pieces
  6294 | D:7      | Bought a potion of resistance for 120 gold pieces
  6319 | D:8      | Reached skill level 5 in Spellcasting
  6570 | D:7      | Noticed Menkaure
  6574 | D:7      | Killed Menkaure
  6575 | D:7      | Reached skill level 5 in Armour
  6812 | D:7      | Found Divvogew's General Store.
  6820 | D:7      | Bought a scroll of brand weapon for 104 gold pieces
  6840 | D:7      | Found Gegu's Armour Emporium.
  6850 | D:7      | Bought a +0 buckler for 54 gold pieces
  6925 | D:7      | Found Qialio's Distillery.
  6930 | D:7      | Bought a potion of brilliance for 64 gold pieces
  7127 | D:7      | Found a faded altar of an unknown god.
  7127 | D:7      | Found a faded altar of an unknown god.
  7127 | D:7      | Found a hazy altar of Hepliaklqana.
  7169 | D:7      | Noticed Maggie
  7193 | D:7      | Killed Maggie
  7194 | D:7      | Reached skill level 5 in Invocations
  7562 | D:7      | Found Hawnodu's Assorted Antiques.
  7571 | D:7      | Bought a bloodstained hand axe for 184 gold pieces
  7571 | D:7      | Identified the +9 hand axe "Piqiag" {heavy, rF++ Str+3
                  | Dex+3} (You bought it in a shop on level 7 of the Dungeon)
  7571 | D:7      | Bought a scroll labelled QUVEICS PY YCO for 23 gold pieces
  7571 | D:7      | Bought a scroll labelled HID GUD ASS for 23 gold pieces
  7675 | D:7      | Bought a +0 pair of boots for 54 gold pieces
  7734 | D:8      | Noticed Erica
  7752 | D:8      | Killed from afar by Erica

Illustrated notes

Levels and vault maps discovered:
D:1:      evilmike_arrival_hilbert_curve, layout_loops_cross,
          hellmonk_ecumenical_altar_pennies_from_heaven,
          wad_floor_pattern_untrapped
D:2:      layout_loops_corners, serial_shops, shop, serial_bayou,
          serial_bayou_pond_b, serial_bayou_pond_d, serial_bayou_pond_e,
          serial_bayou_shore_a, kennysheep_donut, minmay_joined_circles,
          uniq_terence, uniq_crazy_yiuf_cottage
D:3:      layout_rooms, serial_co_window_serial, co_window_paths_b,
          co_window_paths_a, co_window_cross_1, co_window_corner_a,
          co_window_paths_a, co_window_paths_c, co_window_of_opportunity_c,
          co_window_corner_b, co_window_unsneaky_path_e,
          co_window_unsneaky_path_a, co_window_unsneaky_path_a,
          co_window_4corner_b, glass_columns_c, glass_columns_a
D:4:      layout_rooms, minmay_temple_entry_poolview, minmay_snake_closets
D:5:      layout_loops_cross
D:6:      layout_basic, lemuel_tele_altar,
          nicolae_uskayaw_murder_on_the_dancefloor, uniq_eustachio, uniq_edmund
D:7:      layout_basic, nicolae_hepliaklqana_ecumenical_no_more, serial_shops,
          nicolae_stop_n_shop_1, nicolae_shop_overgrown_old_shop,
          nicolae_stop_n_shop_2, nicolae_shop_hallway_plus, shop, uniq_menkaure,
          uniq_maggie
D:8:      layout_basic, nicolae_overflow_crystal_walls, uniq_maurice,
          uniq_erica, uniq_grum

Skill      XL: |  1  2  3  4  5  6  7  8  9 |
---------------+----------------------------+-----
Invocations    | 1 2 3 4 5 |  5.2
Fighting       | 1 2 3 4 |  4.7
Axes           | 1 2 3 4 |  4.7
Maces & Flails | 1 2 3 4 |  4.7
Polearms       | 1 2 3 4 |  4.7
Staves         | 1 2 3 4 |  4.7
Ranged Weapons | 1 2 3 4 |  4.7
Throwing       | 1 2 3 4 |  4.7
Dodging        | 1 2 3 4 |  4.7
Stealth        | 1 2 3 4 |  4.7
Shields        | 1 2 3 4 |  4.7
Unarmed Combat | 1 2 3 4 |  4.7
Spellcasting   | 3 4 5 |  5.5
Conjurations   | 1 2 3 |  3.9
Hexes          | 1 2 3 |  3.9
Summonings     | 1 2 3 |  3.9
Necromancy     | 1 2 3 |  3.9
Translocations | 1 2 3 |  3.9
Transmutations | 1 2 3 |  3.9
Fire Magic     | 1 2 3 |  3.9
Ice Magic      | 1 2 3 |  3.9
Air Magic      | 1 2 3 |  3.9
Earth Magic    | 1 2 3 |  3.9
Poison Magic   | 1 2 3 |  3.9
Armour         | 3 4 5 |  5.4
Short Blades   | 5 6 |  6.6
Long Blades    | 7 8 |  8.1
Evocations     | 7 8 |  8.1

Action                   |  1- 3 |  4- 6 |  7- 9 || total
-------------------------+-------+-------+-------++-------
Melee: Short sword       |    77 |       |       ||    77
       Bite              |     7 |    11 |    33 ||    51
       Punch             |     2 |     1 |     2 ||     5
       Dagger            |    20 |       |       ||    20
       Falchion          |       |   130 |   247 ||   377
Throw: Dart              |       |       |     1 ||     1
 Cast: Blink             |     1 |       |       ||     1
Evoke: Wand              |     5 |       |    17 ||    22
  Use: Scroll            |     3 |     1 |    15 ||    19
       Potion            |     1 |       |     6 ||     7
 Stab: Sleeping          |     6 |     8 |     4 ||    18
       Distracted        |     1 |     1 |     3 ||     5
Armor: Robe              |     8 |     2 |       ||    10
       Skin              |     3 |       |       ||     3
       Leather armour    |       |    26 |    44 ||    70
Dodge: Dodged            |    34 |    56 |   169 ||   259
Block: Buckler           |       |       |    21 ||    21

Table legend: (Time is in decaauts)
 A = Elapsed time spent in this place.
 B = Non-inter-level travel time spent in this place.
 C = Inter-level travel time spent in this place.
 D = Time resting spent in this place.
 E = Time spent auto-exploring this place.
 F = Levels seen in this place.
 G = Mean time per level.
                   A        B        C        D        E       F      G
               +--------+--------+--------+--------+--------+-----+--------+
         Total |   7731 |   7168 |    563 |    411 |   5497 |   8 |  966.4 |
       Dungeon |   7731 |   7168 |    563 |    411 |   5497 |   8 |  966.4 |
               +--------+--------+--------+--------+--------+-----+--------+

Top non-repeatable levels by time:
     D:2: 1547 daAuts
     D:7: 1270 daAuts
     D:6: 1258 daAuts
     D:3: 1047 daAuts
     D:1: 820 daAuts
     D:5: 815 daAuts
     D:4: 711 daAuts
     D:8: 260 daAuts
